 Dungeon Crawl Stone Soup version 0.24-a0-524-gf43b32f898 (webtiles) character file.

Game seed: 488029102565524633

62 Mithandil the Conjurer (level 3, -14/19 HPs)
             Began as a Deep Elf Conjurer on July 31, 2019.
             Demolished by an ogre
             ... wielding a +0 giant spiked club
              (20 damage)
             ... on level 4 of the Dungeon.
             The game lasted 00:06:50 (962 turns).

Mithandil the Conjurer (Deep Elf Conjurer)           Turns: 962, Time: 00:06:50

Health: -14/19     AC:  3    Str:  6    XL:     3   Next: 85%
Magic:  2/10       EV: 12    Int: 19    God:
Gold:   77         SH:  0    Dex: 15    Spells: 7/10 levels left

rFire    . . .     SeeInvis .   a - +0 dagger
rCold    . . .     Gourm    .   (no shield)
rNeg     . . .     Faith    .   e - +0 leather armour
rPois    .         Spirit   .   (no helmet)
rElec    .         Reflect  .   (no cloak)
rCorr    .         Harm     .   (no gloves)
MR       .....                  (no boots)
Stlth    ++........             (no amulet)
HPRegen  0.06/turn              (no ring)
MPRegen  0.12/turn              (no ring)

@: no status effects
A: no striking features
a: no special abilities


You were on level 4 of the Dungeon.
You were not hungry.

You visited 1 branch of the dungeon, and saw 4 of its levels.

You collected 77 gold pieces.

Inventory:

Hand Weapons
 a - a +0 dagger (weapon)
 n - a +0 short sword
Missiles
 b - 4 javelins (quivered)
 f - 31 poisoned darts
Armour
 e - a +0 leather armour (worn)
Jewellery
 l - an uncursed amulet of the gourmand {unknown}
Scrolls
 m - a scroll of identify
Potions
 g - a potion of degeneration {unknown}
 h - a potion of invisibility {unknown}
 i - a potion of magic {unknown}
 j - a potion of curing {unknown}
 k - a potion of mutation {unknown}
Comestibles
 c - 3 rations
 d - 8 chunks of flesh


   Skills:
 + Level 3.0 Dodging
 + Level 3.1 Stealth
 * Level 4.1 Spellcasting
 * Level 5.0 Conjurations


You had 7 spell levels left.
You knew the following spells:

 Your Spells              Type           Power        Failure   Level  Hunger
a - Magic Dart            Conj           ###.         2%          1    None
b - Searing Ray           Conj           ###...       4%          2    ##.....

Your spell library contained the following spells:

 Spells                   Type           Power        Failure   Level  Hunger
 Dazzling Spray           Conj/Hex       ##....       22%         3    ###....
 Iskenderun's Mystic Bla  Conj           ###.....     26%         4    ####...
 Force Lance              Conj/Tloc      ##......     58%         4    ####...
 Fulminant Prism          Conj/Hex       ##........   58%         4    ####...


Dungeon Overview and Level Annotations

Branches:
Dungeon (4/15)
 Temple: D:4-7

Altars:


Message History

* * * LOW HITPOINT WARNING * * *
Casting: Magic Dart (safe; 2% risk of failure)
Confirm with . or Enter, or press ? or * to list all spells.
Aiming: Magic Dart (safe; 2% risk of failure)
Press: ? - help, Shift-Dir - straight line, f - worker ant zombie
Aim: a worker ant zombie The magic dart hits the worker ant zombie.
The worker ant zombie is lightly damaged.
The worker ant zombie barely misses you.
Casting: Magic Dart (safe; 2% risk of failure)
Confirm with . or Enter, or press ? or * to list all spells.
Aiming: Magic Dart (safe; 2% risk of failure)
Press: ? - help, Shift-Dir - straight line, f/p - worker ant zombie
Aim: a worker ant zombie (lightly damaged)
The magic dart hits the worker ant zombie.
The worker ant zombie is moderately damaged.
The worker ant zombie barely misses you.
The ogre hits you with a +0 giant spiked club!!
Ouch! That really hurt!
You die...

#.. .....#.....(. #..#.
#..##.....#..# .....
#..###..##..## ##....#
##..##........#
.......###...####.......
.......#....# ##......
.....##.....# #......
#...OZ...### #......
##(.@.##...####..##..
#....####.##...##..#
#.(..###..###..#..##
###.###.............
####..............
##...###.#..... #####
###..... ..... ....#


You could see an ogre and a worker ant zombie.

Vanquished Creatures
  A worker ant (D:4)
  A hound skeleton (D:4)
  A gnoll (D:1)
  A leopard gecko (D:1)
  2 ball pythons
  2 bats (D:1)
  A goblin (D:1)
  3 kobolds (D:1)
  4 frilled lizards
  2 rats (D:1)
18 creatures vanquished.

Notes
Turn   | Place    | Note
-------+----------+-------------------------------------------
     0 | D:1      | Mithandil the Deep Elf Conjurer began the quest for the
                  | Orb.
     0 | D:1      | Reached XP level 1. HP: 10/10 MP: 6/6
    95 | D:1      | Reached XP level 2. HP: 15/15 MP: 0/8
    99 | D:1      | Learned a level 2 spell: Searing Ray
   837 | D:4      | Noticed a howler monkey
   871 | D:4      | Reached XP level 3. HP: 6/19 MP: 0/10
   955 | D:4      | Noticed an ogre
   960 | D:4      | Reached skill level 5 in Conjurations
   962 | D:4      | Demolished by an ogre

Levels and vault maps discovered:
D:1:      scummos_arrival_simple_crosswalls, layout_loops_ring, serial_forest,
          infiniplex_forest_lined_room_, infiniplex_forest_lined_2,
          infiniplex_forest_lined_room_, infiniplex_forest_zigzag_1,
          infiniplex_forest_lined_3_way, infiniplex_forest_clump_long,
          infiniplex_forest_corner_1, serial_park_tiny_pond
D:2:      layout_basic, first_ration, nemelex_diamond_rough_becter
D:3:      layout_loops_ring, gammafunk_temple_overflow_wave
D:4:      layout_cave_pools, nicolae_ossuary_entry_monument, grunt_ministairs_15

Skill      XL: |  1  2  3 |
---------------+----------+-----
Dodging        | 3 |  3.0
Stealth        | 3 |  3.1
Spellcasting   | 4 |  4.1
Conjurations   | 5 |  5.0

Action                   || total
-------------------------++-------
 Cast: Magic Dart        ||    45
  Use: Scroll            ||     3
Armor: Leather armour    ||     3
Dodge: Dodged            ||    12

Table legend:
 A = Non-vault XP
 B = Vault XP
 C = Vault XP percentage of total XP
 D = Non-vault monster count
 E = Vault monster count
 F = Vault count percentage of total count
                 A         B        C        D         E       F
            +---------+---------+-------+---------+---------+-------
      Total |      89 |       0 |   0.0 |      18 |       0 |   0.0
            +---------+---------+-------+---------+---------+-------
        D:1 |      33 |       0 |   0.0 |      13 |       0 |   0.0
        D:4 |      56 |       0 |   0.0 |       5 |       0 |   0.0
            +---------+---------+-------+---------+---------+-------
